 Dungeon Crawl Stone Soup version 0.29.1-15-g9cfb28693d (webtiles) character file.

Game seed: 13159345277448155364

25 Heoruswealwe the Magician (level 2, -5/15 HPs)
             Began as a Deep Elf Earth Elementalist on Apr 9, 2023.
             Slain by a fire elemental (10 damage)
             ... created by the fiery vengeance of Ignis
             ... on level 1 of the Dungeon.
             The game lasted 00:03:59 (541 turns).

Heoruswealwe the Magician (DEEE)                     Turns: 541, Time: 00:03:59

Health: -5/15      AC:  2    Str:  5    XL:     2   Next: 86%
Magic:  0/9        EV: 12    Int: 19    God:
Gold:   22         SH:  0    Dex: 15    Spells: 6/9 levels left

rFire   . . .      SeeInvis .   (no weapon)
rCold   . . .      Faith    .   (no shield)
rNeg    . . .      Spirit   .   a - +0 robe
rPois   .          Reflect  .   (no helmet)
rElec   .          Harm     .   (no cloak)
rCorr   .          Rampage  .   (no gloves)
Will    .....                   (no boots)
Stlth   ++........              (no amulet)
HPRegen 0.05/turn               (no ring)
MPRegen 0.11/turn               (no ring)

@: fire susceptible
A: no striking features
a: no special abilities


You were on level 1 of the Dungeon.
You visited 1 branch of the dungeon, and saw 1 of its levels.

You collected 22 gold pieces.

Inventory:

Armour
 a - a +0 robe (worn)
Scrolls
 d - 4 scrolls of teleportation {unknown}
 e - a scroll of blinking {unknown}
 f - a scroll of enchant armour {unknown}
Potions
 b - a potion of magic
 c - a potion of flight {unknown}


   Skills:
 - Level 2.4 Dodging
 - Level 2.4 Stealth
 + Level 4.0 Spellcasting
 - Level 1.1 Transmutations
 + Level 4.0 Earth Magic


You had 6 spell levels left.
You knew the following spells:

 Your Spells              Type           Power      Damage    Failure   Level
a - Sandblast             Erth           38%        2d10      2%          1
z - Passwall              Tmut/Erth      10%        N/A       8%          2

Your spell library contained the following spells:

 Spells                   Type           Power      Damage    Failure   Level
 Stone Arrow              Conj/Erth      22%        3d8       19%         3
 Petrify                  Tmut/Erth      13%        N/A       43%         4


Dungeon Overview and Level Annotations

Branches:
Dungeon (1/15)

Altars:
Ignis


Message History

You see here 4 stones.
A gnoll comes into view. It is wielding a +0 whip.
You miscast Sandblast.
You are very lightly contaminated with residual magic.
Nothing appears to happen.
The blast of sand hits the gnoll!
The gnoll is severely wounded.
The gnoll shouts!
The blast of sand hits the gnoll!
You kill the gnoll!
Things that are here:
a +0 whip; a gnoll corpse Your magical contamination has completely faded away.
A rat and a giant cockroach come into view.
You miscast Sandblast.
You are very lightly contaminated with residual magic.
Nothing appears to happen.
The blast of sand hits the rat!
You kill the rat!
Your magical contamination has completely faded away.
The blast of sand hits the giant cockroach!
You kill the giant cockroach!
Your Spellcasting skill increases to level 4!
Your Earth Magic skill increases to level 4!
You see here a rat corpse. "These will know how to inflict the punishment due to you!" 2 fire elementals come into view.
The fire elemental moves out of view.
The blast of sand hits the fire elemental!
The fire elemental is moderately damaged.
The fire elemental barely misses you.
The blast of sand hits the fire elemental.
The fire elemental is moderately damaged.
The fire elemental misses you. The fire elemental hits you.
The fire elemental burns you!
Ouch! That really hurt!
The fire elemental misses you. The fire elemental hits you.
The fire elemental burns you!
Ouch! That really hurt!
You die...

###################
#.................#######
##.#####.########........#
...# #.# ##.#####)# ##.#
#.# #.# #.# ##.# #(#
#####.#####.# ...# #.#
#..@EE○...#.# ##.#####.#
#.###☼###.#.# .........# #
#.# #☼#.# ##.............
#.# #.#.# #######.######
#.# #.#.# #.# #.# #.#.#
#.. ..# #.#.# #>##
########...# #.#
.........###


You could see 2 fire elementals.

Vanquished Creatures
  A gnoll (D:1)
  2 ball pythons (D:1)
  An endoplasm (D:1)
  A giant cockroach (D:1)
  2 hobgoblins (D:1)
  4 jackals (D:1)
  2 rats (D:1)
13 creatures vanquished.

Notes
Turn   | Place    | Note
-------+----------+-------------------------------------------
     0 | D:1      | Heoruswealwe the Deep Elf Earth Elementalist began the
                  | quest for the Orb.
     0 | D:1      | Reached XP level 1. HP: 10/10 MP: 6/6
   127 | D:1      | Found a faded altar of an unknown god.
   133 | D:1      | Prayed at the altar of an unknown god.
   133 | D:1      | Became a worshipper of Ignis, the Dying Flame
   174 | D:1      | Fell from the grace of Ignis
   440 | D:1      | Reached XP level 2. HP: 14/15 MP: 2/8
   444 | D:1      | Learned a level 2 spell: Passwall
   535 | D:1      | Noticed a fire elemental
   535 | D:1      | Noticed a fire elemental
   541 | D:1      | Slain by a fire elemental

Illustrated notes

Levels and vault maps discovered:
D:1:      matt_arrival_diagonals, layout_loops_ring,
          dreamdust_ecumenical_altar_angels_and_demons

Skill      XL: |  1  2 |
---------------+-------+-----
Spellcasting   | 4 |  4.0
Earth Magic    | 4 |  4.0
Dodging        | |  2.4
Stealth        | |  2.4
Transmutations | |  1.1

Action                   || total
-------------------------++-------
 Cast: Sandblast         ||    22
Invok: Renounce Religion ||     1
Armor: Robe              ||     2
Dodge: Dodged            ||     4
